 Dungeon Crawl Stone Soup version 0.22.0-27-ga576289601 (webtiles) character file.

592 Oravi the Ogre Mage (level 7, -3/70 HPs)
             Began as an Ogre Wizard on Aug 23, 2018.
             Killed by divine providence
             ... invoked by an orc priest
              (11 damage)
             ... on level 5 of the Dungeon.
             The game lasted 00:25:00 (7196 turns).

Oravi the Ogre Mage (Ogre Wizard)                   Turns: 7196, Time: 00:25:04

Health: -3/70      AC:  3    Str: 12    XL:     7   Next: 39%
Magic:  13/15      EV: 10    Int: 21    God:
Gold:   255        SH:  0    Dex:  7    Spells: 5/16 levels left

rFire    . . .     SeeInvis .   D - +1 war axe (elec)
rCold    . . .     Gourm    .   (no shield)
rNeg     . . .     Faith    .   a - +0 robe
rPois    .         Spirit   .   b - +0 hat
rElec    .         Reflect  .   (no cloak)
rCorr    .         Harm     .   (gloves unavailable)
MR       .....                  (boots unavailable)
Stlth    +.........             (no amulet)
HPRegen  0.21/turn              (no ring)
MPRegen  0.14/turn              (no ring)

@: no status effects
A: large, unfitting armour, tough skin 1
a: no special abilities


You were on level 5 of the Dungeon.
You were hungry.

You visited 1 branch of the dungeon, and saw 5 of its levels.

You collected 255 gold pieces.

Inventory:

Hand Weapons
 c - a +0 dagger
 f - a +0 hand axe
 t - a +0 short sword of venom
 D - a +1 war axe of electrocution (weapon)
Missiles
 e - 144 stones (quivered)
 g - 70 arrows
 l - 29 poisoned needles
 q - 5 large rocks
Armour
 a - a +0 robe (worn)
 b - a +0 hat (worn)
Jewellery
 y - a +6 ring of intelligence {unknown}
 B - an uncursed ring of ice {unknown}
Scrolls
 i - a scroll of blinking {unknown}
 k - 5 scrolls of remove curse {unknown}
 n - a scroll of noise {unknown}
 r - 2 scrolls of teleportation {unknown}
 s - 3 scrolls of identify {unknown}
 u - a scroll of enchant armour {unknown}
 z - a scroll of magic mapping {unknown}
 A - a scroll of immolation {unknown}
Potions
 h - a potion of haste {unknown}
 j - 2 potions of curing {unknown}
 m - a potion of flight {unknown}
 o - a potion of berserk rage {unknown}
 p - 3 potions of lignification {unknown}
 v - 2 potions of heal wounds {unknown}
 w - a potion of might {unknown}
 x - a potion of magic {unknown}
 C - a potion of ambrosia {unknown}
Comestibles
 d - 5 rations


   Skills:
 + Level 4.1 Fighting
 + Level 2.2 Axes
 - Level 1.7 Dodging
 - Level 1.4 Stealth
 - Level 5.4 Spellcasting
 - Level 3.3 Conjurations
 - Level 0.8 Summonings
 - Level 0.8 Translocations
 - Level 2.3 Fire Magic
 - Level 1.1 Air Magic
 - Level 1.0 Poison Magic


You had 5 spell levels left.
You knew the following spells:

 Your Spells              Type           Power        Failure   Level  Hunger
a - Magic Dart            Conj           ###.         2%          1    None
b - Blink                 Tloc           N/A          11%         2    None
c - Call Imp              Summ           #.......     11%         2    None
d - Conjure Flame         Conj/Fire      ###.....     10%         3    ##.....
e - Mephitic Cloud        Conj/Pois/Air  ##......     14%         3    ##.....

Your spell library contained the following spells:

 Spells                   Type           Power        Failure   Level  Hunger
 Slow                     Hex            #.......     16%         2    None


Dungeon Overview and Level Annotations

Branches:
Dungeon (5/15)
 Temple: D:4-7

Altars:
Gozag
Makhleb
Qazlal
Xom
Zin

Shops:
D:5 %

Annotations:
D:4 ice b
D:5 Dowan, Duvessa


Innate Abilities, Weirdness & Mutations

You are too large for most types of armour.
You have tough skin. (AC +1)


Message History

The orc priest is almost dead.
The orc priest hits you with a mace.
You barely miss the orc priest.
The orc priest is almost dead.
The orc priest closely misses you.
You closely miss the orc priest.
The orc priest is almost dead.
The orc priest misses you.
You barely miss the orc priest.
The orc priest is severely wounded.
The orc priest hits you with a mace.
* * * LOW HITPOINT WARNING * * *
You closely miss the orc priest.
The orc priest is severely wounded.
The orc priest invokes the aid of Beogh against you.
Pain shoots through your body!
* * * LOW HITPOINT WARNING * * *
The orc priest mumbles some strange prayers to Beogh against you.
Beogh smites you!
You die...

.#.#.#.#.#.#.#.#.## ...........#
#.#)#.#.#.#.#.#.#.# ######..#'###
.#.#.#.#.#.#.#)#.## .......#.....
#.#.#.#.#.#.#.#.#.# #####..#....#
.#.#.#.#.#.#.#.#.## #..#....#
#.#.#.#.#.#.#.#.#.#######..#....#
.#.#.#Z#.#.#.#.#.#..))..........#
#.#Z#.#.#.#.#<#)#.#########.#+###
(.o#.#.#.#.#.#.#@## #.#.#
#∩#.#.#.#Z#.#.#o#.# #.#.#
.#.#.#.#.#)#.#.#.## #.#.#
#.#.#.#.#.#.#.#.#.# #.#.#
e#.#.#o#.#.#(#.#.## #...#
#.#.#.#.#.#.#.#.#.# ##..#
.#.#.#.#.#.# #.#.## #..# .#.# #(#
#.#. #..# .# #. #..#


You could see an orc priest.

Vanquished Creatures
  Eustachio (D:5)
  A bullfrog zombie (D:5)
  A howler monkey (D:5)
  An orc priest (D:5)
  4 orc wizards (D:5)
  An iguana (D:4)
  2 worker ants (D:4)
  An adder (D:3)
  3 gnolls (D:5)
  A shadow imp (D:5)
  An adder skeleton (D:5)
  2 worms
  2 dart slugs
  4 leopard geckos
  20 orcs
  7 bats
  4 giant cockroaches
  12 goblins
  9 hobgoblins
  3 jackals (D:1)
  3 ball pythons
  4 frilled lizards
  12 kobolds
  9 rats
108 creatures vanquished.

Vanquished Creatures (others)
  A plant (D:1)
1 creature vanquished.

Grand Total: 109 creatures vanquished

Notes
Turn   | Place    | Note
-------+----------+-------------------------------------------
     0 | D:1      | Oravi the Ogre Wizard began the quest for the Orb.
     0 | D:1      | Reached XP level 1. HP: 16/16 MP: 5/5
    11 | D:1      | Reached skill level 1 in Conjurations
   202 | D:1      | Reached XP level 2. HP: 24/24 MP: 1/6
   206 | D:1      | Learned a level 2 spell: Blink
   209 | D:1      | Learned a level 2 spell: Call Imp
   245 | D:1      | Reached skill level 4 in Spellcasting
   671 | D:1      | Reached XP level 3. HP: 31/31 MP: 1/8
   676 | D:1      | Learned a level 3 spell: Conjure Flame
  1354 | D:1      | Learned a level 3 spell: Mephitic Cloud
  1391 | D:2      | Found a burning altar of Makhleb.
  1686 | D:2      | Reached XP level 4. HP: 39/39 MP: 1/10
  2090 | D:2      | Found a glowing silver altar of Zin.
  2357 | D:3      | Found a glowing silver altar of Zin.
  2369 | D:3      | Found a sacrificial altar of Ru.
  2369 | D:3      | Found a sparkling altar of Nemelex Xobeh.
  2371 | D:3      | Found a basalt altar of Yredelemnul.
  2371 | D:3      | Found a radiant altar of Vehumet.
  2371 | D:3      | Found a shimmering altar of Xom.
  3533 | D:4      | Reached skill level 1 in Fire Magic
  3533 | D:4      | Reached skill level 1 in Poison Magic
  3533 | D:4      | Reached XP level 5. HP: 28/45 MP: 2/12
  3658 | D:4      | Reached skill level 1 in Air Magic
  4489 | D:4      | Found a stormy altar of Qazlal.
  4882 | D:5      | Entered Level 5 of the Dungeon
  4976 | D:5      | Noticed an ice beast
  5103 | D:5      | Reached skill level 1 in Fighting
  5653 | D:5      | Reached skill level 5 in Spellcasting
  5874 | D:5      | Reached XP level 6. HP: 37/55 MP: 7/13
  6001 | D:5      | Found an opulent altar of Gozag.
  6682 | D:5      | Found Tuciolak's Food Shoppe.
  6697 | D:5      | Noticed a sky beast
  6698 | D:5      | Noticed Dowan
  6699 | D:5      | Noticed Duvessa
  6980 | D:5      | Noticed Eustachio
  7021 | D:5      | Killed Eustachio
  7021 | D:5      | Reached skill level 1 in Axes
  7021 | D:5      | Reached XP level 7. HP: 47/68 MP: 0/15
  7196 | D:5      | Killed from afar by an orc priest

Skill      XL: |  1  2  3  4  5  6  7 |
---------------+----------------------+-----
Conjurations   | 1 2 3 |  3.3
Spellcasting   | 4 5 |  5.4
Fire Magic     | 1 2 |  2.3
Poison Magic   | 1 |  1.0
Air Magic      | 1 |  1.1
Fighting       | 1 3 4 |  4.1
Axes           | 1 2 |  2.2
Dodging        | |  1.7
Stealth        | |  1.4
Summonings     | |  0.8
Translocations | |  0.8

Action                   |  1- 3 |  4- 6 |  7- 9 || total
-------------------------+-------+-------+-------++-------
Melee: Unarmed           |    11 |       |       ||    11
       Hand axe          |    18 |    20 |       ||    38
       Dagger            |     4 |       |       ||     4
       Short sword       |       |    35 |       ||    35
       War axe           |       |    41 |    17 ||    58
Throw: Stone             |     3 |     9 |     1 ||    13
 Cast: Magic Dart        |    94 |   199 |     6 ||   299
       Conjure Flame     |       |     6 |       ||     6
       Call Imp          |       |     2 |       ||     2
       Blink             |       |     8 |       ||     8
       Mephitic Cloud    |       |     1 |       ||     1
  Use: Potion            |       |     1 |       ||     1
 Stab: Distracted        |       |     1 |       ||     1
       Sleeping          |       |     1 |       ||     1
  Eat: Chunk             |     2 |    17 |       ||    19
Armor: Robe              |    18 |    54 |     2 ||    74
Dodge: Dodged            |    34 |    93 |    12 ||   139
